 Dungeon Crawl Stone Soup version 0.20.0-10-g0535bb4 (webtiles) character file.

69 grindst0ne the Skirmisher (level 4, 0/29 HPs)
             Began as a Gargoyle Fighter on June 7, 2017.
             Killed from afar by an orc wizard (8 damage)
             ... with a puff of flame
             ... on level 2 of the Dungeon.
             The game lasted 00:03:35 (1345 turns).

grindst0ne the Skirmisher (Gargoyle Fighter)        Turns: 1345, Time: 00:03:36

Health: 0/29       AC: 10    Str: 19    XL:     4   Next: 20%
Magic:  4/4        EV:  7    Int:  9    God:
Gold:   83         SH:  9    Dex: 10    Spells: 3/3 levels left

rFire    . . .     SeeInvis .   a - +0 flail
rCold    . . .     Gourm    .   c - +0 shield
rNeg     + . .     Faith    .   b - +0 scale mail
rPois    ∞         Spirit   .   (no helmet)
rElec    +         Reflect  .   (no cloak)
rCorr    .         Harm     .   (no gloves)
MR       .....                  (no boots)
Stlth    ..........             (no amulet)
Regen    0.1/turn               (no ring)
MPRegen  0.1/turn               (no ring)

@: no status effects
A: negative energy resistance 1, electricity resistance, unbreathing,
petrification resistance, rot immunity, AC +3
a: no special abilities


You were on level 2 of the Dungeon.
You were not hungry.

You visited 1 branch of the dungeon, and saw 3 of its levels.

You collected 83 gold pieces.

Inventory:

Hand Weapons
 a - a +0 flail (weapon)
Missiles
 g - 7 poisoned tomahawks (quivered)
Armour
 b - a +0 scale mail (worn)
 c - a +0 shield (worn)
Scrolls
 h - a scroll of amnesia {unknown}
 j - 2 scrolls of blinking {unknown}
 k - 3 scrolls of teleportation {unknown}
 l - 2 scrolls of identify {unknown}
 n - a scroll of enchant weapon {unknown}
 q - 2 scrolls of remove curse {unknown}
Potions
 d - 2 potions of might
 e - 2 potions of mutation {unknown}
 i - a potion of cancellation {unknown}
 o - a potion of agility {unknown}
 p - a potion of haste {unknown}
 r - a potion of curing {unknown}
Comestibles
 f - 2 bread rations
 m - 5 chunks of flesh


   Skills:
 + Level 4.1 Fighting
 + Level 3.1 Maces & Flails
 - Level 3.2 Armour
 + Level 4.0 Shields


You had 3 spell levels left.
You didn't know any spells.

Dungeon Overview and Level Annotations

Branches:
Dungeon (3/15)

Altars:
Ashenzari

Annotations:
D:3 Gorglomux's ghost, amateur TrVM


Innate Abilities, Weirdness & Mutations

You are resistant to torment.
Your stone body is resilient. (AC +3)
You are immune to poison.
You resist negative energy. (rN+)
You are resistant to electric shocks. (rElec)
You can survive without breathing.
You are immune to petrification.
You are immune to rotting.


Message History

Where to? (Enter - D:3, ? - help)
There are monsters nearby!
You hear some strange, mumbled words.
A puff of flame appears from out of thin air!
The puff of flame hits you!
* * * LOW HITPOINT WARNING * * *
The orc priest barely misses you.
You hear some strange, mumbled words.
A magic dart appears from out of thin air!
The magic dart hits you!
You climb upwards.
There is a stone staircase leading down here.
You hit the orc priest.
The orc priest is moderately wounded.
Something hits you but does no damage.
The orc priest hits you but does no damage.
You hear some strange, mumbled words.
A puff of flame appears from out of thin air!
The puff of flame hits you!
You die...

#........).....#.# #......#
##############.#.#
#####.###.# #.#.# #.......#.#
######## #.#.# ##.#####.#.#
#......# #...# ###..#...#...#
#......# ##..# #....#...#....
#......# #..###.####...####.
#......####.o....#⌠.##'##.⌠#.
#......#....@....#.........#.
#......#.###)).####.......###
#).....#.# #..#...#.......#..
#......'.# #..#...+..._...'..
#......#####......#.......#..
#......#......##.##.......###
#####'##.###.....#.........#.
#.##.#..)##..#⌠..#'##.⌠#.
#.##.#.#.###.#.##...####.


You could see an orc priest.

Vanquished Creatures
  2 adders (D:2)
  3 dart slugs
  2 leopard geckos (D:2)
  3 orcs
  4 bats
  4 giant cockroaches
  2 hobgoblins (D:1)
  A frilled lizard (D:2)
  4 goblins (D:2)
  10 kobolds
  4 rats
39 creatures vanquished.

Notes
Turn   | Place    | Note
-------+----------+-------------------------------------------
     0 | D:1      | grindst0ne the Gargoyle Fighter began the quest for the Orb.
     0 | D:1      | Reached XP level 1. HP: 14/14 MP: 1/1
   207 | D:1      | Reached XP level 2. HP: 19/19 MP: 2/2
   684 | D:2      | Reached XP level 3. HP: 22/24 MP: 3/3
   762 | D:2      | Found a shattered altar of Ashenzari.
   998 | D:2      | Reached XP level 4. HP: 29/29 MP: 4/4
  1340 | D:3      | Noticed Gorglomux's ghost (amateur TrVM)
  1345 | D:2      | Killed from afar by an orc wizard

Skill      XL: |  1  2  3  4 |
---------------+-------------+-----
Fighting       | 4 |  4.1
Maces & Flails | 3 |  3.1
Shields        | 4 |  4.0
Armour         | |  3.2

Action                   |  1- 3 |  4- 6 || total
-------------------------+-------+-------++-------
Melee: Flail             |   108 |    30 ||   138
  Eat: Chunk             |     1 |     1 ||     2
Armor: Scale mail        |    63 |    27 ||    90
Dodge: Dodged            |    54 |    22 ||    76
Block: Shield            |    81 |    28 ||   109
